 Dungeon Crawl Stone Soup version 0.18.1-6-gd335043 (webtiles) character file.

839 shmeve the Chopper (level 8, -16/74 HPs)
             Began as a Naga Berserker on May 15, 2016.
             Was an Elder of Trog.
             Demolished by an ogre
             ... wielding a +0 giant club
              (21 damage)
             ... on level 6 of the Dungeon.
             The game lasted 00:10:01 (4969 turns).

shmeve the Chopper (Naga Berserker)                 Turns: 4969, Time: 00:10:02

Health: -16/74     AC:  7    Str: 25    XL:     8   Next: 0%
Magic:  8/8        EV: 10    Int:  8    God:    Trog [****..]
Gold:   271        SH:  0    Dex: 11    Spells: 0 memorised, 7 levels left

rFire  . . .     SeeInvis +     l - +0 war axe
rCold  . . .     Gourm    .     p - +0 ring mail
rNeg   . . .     Faith    .     (no shield)
rPois  +         Spirit   .     (no helmet)
rElec  .         Dismiss  .     (no cloak)
rCorr  .         Reflect  .     A - +0 pair of gloves
SustAt .         Harm     .     (no barding)
MR     +....                    (no amulet)
Stlth  ++........               (no ring)
                                m - +4 ring of strength

@: very slow, somewhat resistant to hostile enchantments, unstealthy
A: see invisible, deformed body, poison resistance, slowness 2, slow metabolism
1, spit poison 2, AC +2
a: Spit Poison, Berserk, Trog's Hand, Brothers in Arms, Burn Spellbooks,
Renounce Religion


You were on level 6 of the Dungeon.
You worshipped Trog.
Trog was greatly pleased with you.
You were hungry.

You visited 1 branch of the dungeon, and saw 6 of its levels.

You collected 271 gold pieces.

Inventory:

Hand Weapons
 l - a +0 war axe (weapon)
Armour
 p - a +0 ring mail (worn)
 A - a +0 pair of gloves (worn)
Jewellery
 m - a +4 ring of strength (left hand)
Scrolls
 a - 2 scrolls of noise {unknown}
 b - 2 scrolls of enchant armour {unknown}
 g - 3 scrolls of remove curse {unknown}
 i - a scroll of fear {unknown}
 o - 2 scrolls of teleportation {unknown}
 s - a scroll of immolation {unknown}
 t - 2 scrolls of magic mapping {unknown}
 v - 2 scrolls of enchant weapon {unknown}
 y - 4 scrolls of identify {unknown}
 C - a scroll of random uselessness {unknown}
 D - a scroll of fog {unknown}
 E - a scroll of recharging {unknown}
Potions
 d - a potion of brilliance {unknown}
 e - a potion of heal wounds {unknown}
 f - a potion of mutation {unknown}
 j - 2 potions of haste {unknown}
 k - a potion of might {unknown}
 n - 2 potions of ambrosia {unknown}
 q - a potion of resistance {unknown}
 u - a potion of invisibility {unknown}
 B - a potion of beneficial mutation {unknown}
Comestibles
 c - 3 bread rations
 h - 2 meat rations
 r - a beef jerky
 w - a royal jelly
 x - 5 fruits
 z - a slice of pizza


   Skills:
 * Level 5.1 Fighting
 * Level 5.5 Axes
 + Level 3.2 Armour
 + Level 3.4 Dodging
 + Level 4.2 Stealth


You had 7 spell levels left.
You didn't know any spells.

Dungeon Overview and Level Annotations

Branches:
Dungeon (6/15)
 Temple: D:4-7

Altars:
Gozag
Yredelemnul


Innate Abilities, Weirdness & Mutations

You cannot wear boots.
Your serpentine skin is tough (AC +2).
You have supernaturally acute eyesight.
Armour fits poorly on your strangely shaped body.
Your system is resistant to poisons.
You cover ground very slowly.
You have a slow metabolism.
You can spit poison.


Message History

You barely miss the ogre.
The ogre is moderately wounded.
The ogre closely misses you.
You barely miss the ogre.
The ogre is moderately wounded.
The ogre hits you with a giant club!
You hit the ogre but do no damage.
The ogre is moderately wounded.
The ogre hits you with a giant club!
You closely miss the ogre.
The ogre is moderately wounded.
The ogre barely misses you.
You slash the ogre!
The ogre is heavily wounded.
The ogre hits you with a giant club!!
* * * LOW HITPOINT WARNING * * *
You slash the ogre!
The ogre is almost dead.
The ogre hits you with a giant club!!
You die...

######## ###### #.......
#####....#### #.......
#..........?# #.......
###...........# #.......
+.#......@O...# #.......
#.#####.##.#### #.......
#..##...##....#####.......
#...................>..... #
###.....#######.######.##### ..
#....#### #.#...##.# ...####'##
#.#...##.##### ........#
####.#...........
..#.#...########....#...........


You could see an ogre.

Vanquished Creatures
  An ice beast (D:5)
  An ogre (D:4)
  A water moccasin skeleton (D:4)
  A scorpion (D:4)
  A crimson imp (D:5)
  A centaur zombie (D:5)
  2 orc priests
  A giant frog skeleton (D:4)
  A hound (D:5)
  Jessica (D:3)
  3 orc wizards
  An iguana (D:5)
  8 adders
  7 gnolls
  2 shadow imps (D:5)
  An ooze (D:1)
  An adder skeleton (D:4)
  2 dart slugs
  3 giant geckos
  9 orcs
  3 giant cockroaches
  11 goblins
  8 hobgoblins
  3 jackals (D:3)
  6 kobolds
  4 quokkas
  A ball python (D:1)
  A ball python skeleton (D:4)
  5 bats
  7 giant newts
  14 rats
111 creatures vanquished.

Notes
Turn   | Place    | Note
--------------------------------------------------------------
     0 | D:1      | shmeve the Naga Berserker began the quest for the Orb.
     0 | D:1      | Reached XP level 1. HP: 21/21 MP: 1/1
    74 | D:1      | Reached XP level 2. HP: 25/28 MP: 2/2
   678 | D:1      | Reached XP level 3. HP: 26/34 MP: 3/3
   849 | D:1      | Reached ** piety under Trog
  1490 | D:2      | Reached skill level 1 in Stealth
  1743 | D:2      | Reached XP level 4. HP: 42/42 MP: 4/4
  2021 | D:3      | Noticed Jessica
  2023 | D:3      | Killed Jessica
  2229 | D:3      | Reached *** piety under Trog
  2232 | D:3      | Reached XP level 5. HP: 37/49 MP: 5/5
  2784 | D:4      | Reached XP level 6. HP: 40/57 MP: 6/6
  3335 | D:4      | Reached XP level 7. HP: 61/66 MP: 7/7
  3676 | D:5      | Entered Level 5 of the Dungeon
  3702 | D:5      | Reached skill level 5 in Axes
  4133 | D:5      | Reached **** piety under Trog
  4287 | D:5      | Found a basalt altar of Yredelemnul.
  4287 | D:5      | Found an opulent altar of Gozag.
  4582 | D:5      | Reached skill level 5 in Fighting
  4914 | D:6      | Reached XP level 8. HP: 59/74 MP: 8/8
  4969 | D:6      | Demolished by an ogre

Skill      XL: |  1  2  3  4  5  6  7 |
---------------+----------------------+-----
Dodging        | 2 3 |  3.4
Armour         | 2 3 |  3.2
Stealth        | 1 2 3 4 |  4.2
Fighting       | 4 5 |  5.1
Axes           | 4 5 |  5.5

Action                   |  1- 3 |  4- 6 |  7- 9 || total
-------------------------+-------+-------+-------++-------
Melee: Hand axe          |    76 |       |       ||    76
       War axe           |     7 |    86 |   116 ||   209
Invok: Berserk           |       |     3 |       ||     3
 Abil: Spit Poison       |    17 |    17 |     9 ||    43
 Stab: Sleeping          |     1 |       |     3 ||     4
  Eat: Chunk             |     3 |     7 |     6 ||    16
Armor: Animal skin       |    33 |       |       ||    33
       Leather armour    |     1 |       |       ||     1
       Ring mail         |       |    65 |    41 ||   106
Dodge: Dodged            |    73 |    75 |    64 ||   212
